 Dungeon Crawl Stone Soup version 0.29.0-15-g675c0067aa (webtiles) character file.

Game seed: 8093758751585780281

324 Tsarbomb the Cleaver (level 6, 0/51 HPs)
             Began as a Hill Orc Fighter on Sept 11, 2022.
             Killed from afar by an electric eel (13 damage)
             ... with a bolt of electricity
             ... on level 7 of the Dungeon.
             The game lasted 00:05:46 (3352 turns).

Tsarbomb the Cleaver (Hill Orc Fighter)             Turns: 3352, Time: 00:05:47

Health: 0/51       AC: 10    Str: 21    XL:     6   Next: 48%
Magic:  6/6        EV:  9    Int:  8    God:
Gold:   144        SH:  4    Dex: 10    Spells: 5/5 levels left

rFire   . . .      SeeInvis .   a - +0 war axe
rCold   . . .      Faith    .   c - +0 buckler
rNeg    . . .      Spirit   .   b - +0 scale mail
rPois   .          Reflect  .   (no helmet)
rElec   .          Harm     .   (no cloak)
rCorr   .          Rampage  .   (no gloves)
Will    .....                   (no boots)
Stlth   ..........              (no amulet)
HPRegen 0.17/turn               g - +4 ring of protection
MPRegen 0.10/turn               (no ring)

@: no status effects
A: no striking features
a: no special abilities


You were on level 7 of the Dungeon.
You visited 1 branch of the dungeon, and saw 7 of its levels.

You collected 144 gold pieces.

Inventory:

Hand Weapons
 a - a +0 war axe (weapon)
 q - a +0 flail of holy wrath
Missiles
 o - 30 stones (quivered)
Armour
 b - a +0 scale mail (worn)
 c - a +0 buckler (worn)
Magical Staves
 p - a staff of air
Jewellery
 g - a +4 ring of protection (left hand)
Scrolls
 e - 2 scrolls of torment {unknown}
 j - a scroll of brand weapon {unknown}
 k - 4 scrolls of identify {unknown}
 m - a scroll of fear {unknown}
 n - a scroll of enchant armour {unknown}
Potions
 d - 3 potions of might
 f - a potion of brilliance {unknown}
 h - a potion of resistance {unknown}
 i - a potion of mutation {unknown}
 l - 2 potions of heal wounds {unknown}


   Skills:
 - Level 3.6 Fighting
 + Level 8.8 Axes
 - Level 3.2 Armour
 - Level 3.2 Shields


You had 5 spell levels left.
You didn't know any spells.
Your spell library was empty.

Dungeon Overview and Level Annotations

Branches:
Dungeon (7/15)
 Temple: D:4-7

Altars:
Xom

Shops:
D:2 !

Annotations:
D:1 exclusion: downstairs
D:2 Sigmund
D:3 exclusion: downstairs
D:4 Grinder
D:5 exclusion: downstairs
D:6 Edmund


Message History

Found a stone staircase leading down.
o - 22 stones (gained 5)
k - 4 scrolls labelled TIBOALL KUOGI (gained 1)
You see here a +1 kite shield of poison resistance.
d - 3 potions of might (gained 1)
o - 30 stones (gained 8)
You now have 144 gold pieces (gained 18).
An ice beast and Edmund come into view.
Edmund is wielding a +2 flail of protection.
Edmund shouts!
You hear an angry hiss.
The ice beast moves out of view.
There is a stone staircase leading down here.
You climb downwards.
Found four items.
Found a stone staircase leading up.
There is a stone staircase leading up here. 2 dart slugs come into view.
The electric eel shoots out a bolt of lightning at you!
The bolt of electricity hits you!
The electric eel shoots out a bolt of lightning at you!
The bolt of electricity hits you.
A dart slug comes into view.
Found a ring mail and a weird jewelled staff.
The dart slug launches a dart at you.
The slug dart hits you but does no damage.
The dart slug launches a dart at you. The slug dart hits you.
The electric eel shoots out a bolt of lightning at you!
The bolt of electricity hits the electric eel.
The electric eel completely resists.
The bolt of electricity hits you!
The electric eel shoots out a bolt of lightning at you!
The bolt of electricity hits you!
An ice beast comes into view.
The dart slug launches a dart at you.
The slug dart hits you but does no damage.
The electric eel shoots out a bolt of lightning at you!
The bolt of electricity hits you!
* * * LOW HITPOINT WARNING * * *
The electric eel shoots out a bolt of lightning at you!
The bolt of electricity hits you!
You die...

#.# ## ### ..#
..###≈ ~≈##.#
##$≈≈≈ ~≈≈.##
##~~~≈~#≈≈w#~##
.#~≈#≈~#?.~≈≈≈w#
#w~≈S≈~<..~≈≈≈≈.
#~≈~≈≈≈≈..~≈≈≈≈~
~~≈≈≈≈≈~.~≈≈≈≈≈≈
~w~≈≈≈~.@)S~~≈S≈
.≈~~≈≈~.<.~≈~~≈≈
~≈≈~~~~...~~#~≈~
~≈≈≈≈≈≈~!~≈≈≈~~~
##≈≈≈≈≈~.~~≈≈#≈≈
.≈≈≈≈≈.⌠~.≈#≈w.
#w~≈≈~|[^≈##≈≈#
..~≈Y##~~~~ ##


You could see an ice beast, 3 electric eels and 6 dart slugs.

Vanquished Creatures
  A sky beast (D:5)
  A jelly (D:6)
  An orc priest (D:6)
  A hound (D:5)
  An orc wizard (D:5)
  A gnoll (D:1)
  4 adders
  A worm (D:2)
  A dart slug (D:5)
  4 orcs
  2 ball pythons (D:1)
  4 endoplasms
  3 giant cockroaches
  5 goblins
  5 hobgoblins
  10 jackals
  5 kobolds
  A quokka (D:2)
  4 bats
  4 frilled lizards (D:2)
  4 rats
63 creatures vanquished.

Notes
Turn   | Place    | Note
-------+----------+-------------------------------------------
     0 | D:1      | Tsarbomb the Hill Orc Fighter began the quest for the Orb.
     0 | D:1      | Reached XP level 1. HP: 19/19 MP: 1/1
    99 | D:1      | Reached skill level 3 in Axes
   140 | D:1      | Reached XP level 2. HP: 18/26 MP: 2/2
   408 | D:1      | Reached skill level 4 in Axes
   607 | D:1      | Reached XP level 3. HP: 8/31 MP: 3/3
  1300 | D:2      | Reached skill level 5 in Axes
  1421 | D:2      | Found a faded altar of an unknown god.
  1433 | D:2      | Found Farit's Distillery.
  1635 | D:2      | Noticed Sigmund
  1759 | D:2      | Reached XP level 4. HP: 39/39 MP: 4/4
  1871 | D:3      | Found a shimmering altar of Xom.
  1874 | D:3      | Found a shimmering altar of Xom.
  2348 | D:3      | Reached skill level 6 in Axes
  2735 | D:4      | Noticed Grinder
  2776 | D:5      | Entered Level 5 of the Dungeon
  2825 | D:5      | Noticed an ice beast
  2842 | D:6      | Reached XP level 5. HP: 37/45 MP: 5/5
  2909 | D:5      | Reached skill level 7 in Axes
  2973 | D:6      | Noticed a sky beast
  3089 | D:5      | Killed a sky beast
  3090 | D:5      | Reached skill level 8 in Axes
  3090 | D:5      | Reached XP level 6. HP: 20/51 MP: 6/6
  3335 | D:6      | Noticed an ice beast
  3335 | D:6      | Noticed Edmund
  3352 | D:7      | Noticed an ice beast
  3352 | D:7      | Killed from afar by an electric eel

Illustrated notes

Levels and vault maps discovered:
D:1:      dpeg_arrival_pond, layout_loops_ring, grunt_decor_clamped
D:2:      layout_basic, dreamdust_ecumenical_altar_statues, serial_shops,
          nicolae_diamond_shop, minmay_misc_feat_tower, uniq_sigmund
D:3:      layout_basic, xom_redecorated
D:4:      layout_gridville, mainiacjoe_overflow_chevrons,
          mainiacjoe_overflow_alcove_4, mainiacjoe_overflow_brackets,
          gammafunk_ghost_cemetery, uniq_menkaure, uniq_duvessa, uniq_grinder
D:5:      layout_basic, nicolae_shop_sticking_my_neck_out
D:6:      layout_rooms, nemelex_altar_shiori, tso_altar, grunt_ministairs_12,
          grunt_tough_drop, uniq_eustachio, uniq_edmund
D:7:      kennysheep_slugbush, layout_basic, mainiacjoe_overflow_cross_hatched,
          minmay_temple_entry_junction, st_stairs_8

Skill      XL: |  1  2  3  4  5 |
---------------+----------------+-----
Axes           | 3 4 5 6 8 |  8.8
Fighting       | |  3.6
Armour         | |  3.2
Shields        | |  3.2

Action                   |  1- 3 |  4- 6 || total
-------------------------+-------+-------++-------
Melee: War axe           |    96 |    88 ||   184
Armor: Scale mail        |    42 |    59 ||   101
Dodge: Dodged            |    41 |    38 ||    79
Block: Buckler           |    30 |    25 ||    55
